 Dungeon Crawl Stone Soup version 0.31-a0-819-gf6de2f5ab6 (webtiles) character file.

Game seed: 7810461625332747373

156 qw the Shooter (level 5, -2/32 HPs)
             Began as a Gargoyle Hunter on Sept 23, 2023.
             Slain by Sigmund
             ... wielding a +0 scythe
              (4 damage)
             ... on level 3 of the Dungeon.
             The game lasted 00:00:45 (1842 turns).

qw the Shooter (Gargoyle Hunter)                    Turns: 1842, Time: 00:00:46

Health: -2/32      AC:  8    Str: 15    XL:     5   Next: 38%
Magic:  5/5        EV: 11    Int:  9    God:
Gold:   198        SH:  0    Dex: 15    Spells: 4/4 levels left

rFire   . . .        Y - +3 shortbow
rCold   . . .        (shield currently unavailable)
rNeg    + . .        c - +0 leather armour
rPois   inf          (no helmet)
rElec   +            (no cloak)
rCorr   .            h - +0 pair of gloves
SInv    .            (no boots)
Will    .....        (no amulet)
Stlth   ++           (no ring)
HPRegen 0.25/turn    (no ring)
MPRegen 0.09/turn

%: no passive effects
@: no status effects
A: sickness immunity, AC +4, negative energy resistance 1, electricity
resistance, torment resistance 1, petrification resistance
a: no special abilities


You were on level 3 of the Dungeon.
You visited 1 branch of the dungeon, and saw 3 of its levels.

You collected 198 gold pieces.


Innate Abilities, Weirdness & Mutations

You are immune to sickness and miasma.
Your stone body is resilient. (AC +4)
You are immune to poison.
You resist negative energy. (rN+)
You are resistant to electric shocks. (rElec)
You are resistant to unholy torment.
You are immune to petrification.


   Skills:
 - Level 3.2 Fighting
 - Level 6.0 Ranged Weapons
 + Level 0.9 Armour
 - Level 1.5 Dodging
 - Level 1.1 Stealth


You had 4 spell levels left.
You didn't know any spells.
Your spell library was empty.

Inventory:

Hand Weapons
 Y - a +3 shortbow (weapon)
Armour
 c - a +0 leather armour (worn)
 d - a +0 ring mail
 h - a +0 pair of gloves (worn)
Jewellery
 f - a ring of protection from cold
Scrolls
 a - 2 scrolls of teleportation
 b - 3 scrolls of identify
 e - 2 scrolls of noise {unknown}

Dungeon Overview and Level Annotations

Branches:
Dungeon (3/15)

Altars:
Hepliaklqana
Makhleb
Yredelemnul

Annotations:
D:3 Sigmund


Message History

You are confused.
Sigmund barely misses you.
You feel less confused.
You shoot an arrow. The arrow closely misses Sigmund.
Sigmund hits you from afar with a +0 scythe.
You shoot an arrow. The arrow completely misses Sigmund.
Sigmund casts a spell.
Sigmund flickers and vanishes!
Deactivating autopickup; reactivate with Ctrl-A.
You shoot an arrow.
You hear some strange, mumbled words.
Something tries to affect you, but you resist.
You shoot an arrow. Something hits you but does no damage.
You shoot an arrow.
You hear some strange, mumbled words.
You are confused.
You shoot an arrow. Something hits you.
You shoot an arrow. Something hits you!
You shoot an arrow. You shoot an arrow.
You hear some strange, mumbled words.
You are more confused.
You shoot an arrow. Something hits you.
You shoot an arrow. Something hits you!
You shoot an arrow. Something hits you but does no damage.
You shoot an arrow. You shoot an arrow.
You hear some strange, mumbled words.
A puff of flame appears from out of thin air!
The puff of flame hits you.
You shoot an arrow.
You feel less confused. Something hits you.
You die...

###.####
#..#~.~#
#.#.......
....#
#..#~.~#
#...######
#####
#..#~.~#
#####
...#~.~#
#~.~#
#~.~#
#~.~#
##.## #@#
#..>.{..#
#........
.>......##
#.......#
#.......#
#.......#
#.......#


There were no monsters in sight!

Vanquished Creatures
  Jessica (D:2)
  Natasha (twice) (D:2)
  2 adders (D:3)
  3 worms (D:2)
  4 ball pythons
  7 endoplasms
  A giant cockroach (D:1)
  5 goblins
  4 hobgoblins
  3 jackals (D:1)
  5 quokkas
  4 bats
  3 frilled lizards
  3 kobolds
  6 rats
53 creatures vanquished.

Notes
Turn   | Place    | Note
-------+----------+-------------------------------------------
     0 | D:1      | qw the Gargoyle Hunter began the quest for the Orb.
     0 | D:1      | Reached XP level 1. HP: 12/12 MP: 1/1
     0 | D:1      | 0 ||| qw: Version: 0.3-a-83-gcd0e7d8
     0 | D:1      | 0 ||| qw: Game counter: 1459
     0 | D:1      | 0 ||| qw: Melee chars always use a shield: true
     0 | D:1      | 0 ||| qw: God list: Okawaru
     0 | D:1      | 0 ||| qw: Allow faded altars: false
     0 | D:1      | 0 ||| qw: Do Orc after clearing Dungeon:15 true
     0 | D:1      | 0 ||| qw: Do second Lair branch before Depths: true
     0 | D:1      | 0 ||| qw: Lair rune preference: random
     0 | D:1      | 0 ||| qw: Goals: Normal
     0 | D:1      | 0 ||| PLANNING D:1-11
   129 | D:1      | Reached XP level 2. HP: 17/17 MP: 2/2
   533 | D:1      | 533 ||| READING scroll labelled VANEUDIRA.
   537 | D:1      | 537 ||| READING 3 scrolls labelled ZIETHUASAA.
   538 | D:1      | 538 ||| READING 2 scrolls of enchant weapon.
   538 | D:1      | 538 ||| ENCHANTING +1 shortbow.
   539 | D:1      | 539 ||| READING scroll of enchant weapon.
   539 | D:1      | 539 ||| ENCHANTING +2 shortbow.
   540 | D:1      | 540 ||| DROPPING scroll of butterflies.
   598 | D:2      | Reached XP level 3. HP: 21/21 MP: 3/3
   616 | D:2      | Reached skill level 5 in Ranged Weapons
   621 | D:2      | Identified the +1 scale mail of the Earth {Str+5}
   650 | D:2      | Noticed Jessica
   660 | D:2      | Killed Jessica
   661 | D:2      | Reached skill level 3 in Fighting
   661 | D:2      | Reached XP level 4. HP: 28/28 MP: 4/4
   721 | D:2      | Found a faded altar of an unknown god.
   761 | D:2      | Noticed Natasha
   769 | D:2      | Killed Natasha
   805 | D:2      | Found a burning altar of Makhleb.
   835 | D:2      | Identified the +0 tower shield "Podobig" {+Blink Int+3
                  | SInv}
  1067 | D:2      | Noticed Natasha
  1076 | D:2      | Killed Natasha
  1077 | D:2      | Reached XP level 5. HP: 29/32 MP: 5/5
  1307 | D:2      | 1307 ||| UPGRADING to +0 pair of gloves.
  1312 | D:2      | 1312 ||| READING 4 scrolls labelled MALUSUNKANN.
  1313 | D:2      | 1313 ||| READING scroll labelled HIXEFO IRRO.
  1314 | D:2      | 1314 ||| READING scroll labelled REUBYNT UNULA.
  1315 | D:2      | 1315 ||| READING scroll labelled FUGA OTITYUGAKH.
  1316 | D:2      | 1316 ||| READING scroll labelled JAMUMI HUMYICS.
  1317 | D:2      | 1317 ||| READING 3 scrolls of identify.
  1317 | D:2      | 1317 ||| IDENTIFYING yellow potion
  1318 | D:2      | 1318 ||| DROPPING potion of degeneration.
  1463 | D:3      | Reached skill level 6 in Ranged Weapons
  1684 | D:3      | Found a basalt altar of Yredelemnul.
  1786 | D:3      | Found a hazy altar of Hepliaklqana.
  1821 | D:3      | Noticed Sigmund
  1838 | D:3      | HP: 6/32 [something (8)]
  1841 | D:3      | HP: 1/32 [something/puff of flame (5)]
  1842 | D:3      | Slain by Sigmund

Levels and vault maps discovered:
D:1:      nicolae_arrival_washed_ashore, layout_rooms, grunt_decor_arrowhead,
          hex_tiny
D:2:      layout_loops_ring, basic_altar,
          shapermc_ecumenical_altar_mp_urbaneastern,
          chequers_serial_rivers_micro_b, kennysheep_generic_room_15,
          uniq_jessica, uniq_natasha
D:3:      layout_loops_cross, yredelemnul_altar_generic,
          mainiacjoe_overflow_alcove_4, amcnicky_mini_rare_corridor_liquid,
          uniq_sigmund

Skill      XL: |  1  2  3  4  5 |
---------------+----------------+-----
Ranged Weapons | 5 6 |  6.0
Fighting       | 3 |  3.2
Armour         | |  0.9
Dodging        | |  1.5
Stealth        | |  1.1

Action                     |  1- 3 |  4- 6 || total
---------------------------+-------+-------++-------
   Fire: Shortbow          |    81 |    88 ||   169
    Use: Scroll            |     4 |     6 ||    10
 Armour: Leather armour    |    14 |    27 ||    41
  Dodge: Dodged            |    26 |     8 ||    34

Table legend:
 A = Non-vault XP
 B = Vault XP
 C = Vault XP percentage of total XP
 D = Non-vault monster count
 E = Vault monster count
 F = Vault count percentage of total count
                 A         B        C        D         E       F
            +---------+---------+-------+---------+---------+-------
      Total |     148 |      76 |  33.9 |      49 |       4 |   7.5
            +---------+---------+-------+---------+---------+-------
        D:1 |      32 |       0 |   0.0 |      18 |       0 |   0.0
        D:2 |      79 |      76 |  49.0 |      21 |       4 |  16.0
        D:3 |      37 |       0 |   0.0 |      10 |       0 |   0.0
            +---------+---------+-------+---------+---------+-------
